 Dungeon Crawl Stone Soup version 0.24.0-13-gcf9b319 (webtiles) character file.

Game seed: 5148600439876217269, levelgen mode: deterministic

6850 ClockworkOrrery the Fighter (level 11, -18/80 HPs)
             Began as a Gargoyle Fighter on Feb 23, 2020.
             Was the Champion of Cheibriados.
             Killed by refrigeration
             ... invoked by Fannar
              (21 damage)
             ... on level 10 of the Dungeon.
             The game lasted 00:37:48 (8869 turns).

ClockworkOrrery the Fighter (Gargoyle Fighter)      Turns: 8869, Time: 00:37:50

Health: -18/80     AC: 23    Str: 36    XL:     11   Next: 6%
Magic:  0/18       EV: 12    Int: 26    God:    Cheibriados [******]
Gold:   581        SH: 13    Dex: 24    Spells: 14/19 levels left

rFire    . . .     SeeInvis .   M - +2 dagger (flame)
rCold    . . .     Gourm    .   c - +0 shield
rNeg     + . .     Faith    .   e - +0 plate armour
rPois    ∞         Spirit   +   n - +0 helmet
rElec    +         Reflect  .   (no cloak)
rCorr    .         Harm     .   A - +0 pair of gloves
MR       .....                  (no boots)
Stlth    ..........             k - amulet of guardian spirit
HPRegen  0.23/turn              I - +6 ring of evasion
MPRegen  0.16/turn              F - +5 ring of slaying

@: very slow
A: negative energy resistance 1, electricity resistance, unbreathing,
petrification resistance, rot immunity, AC +8
a: Bend Time, Temporal Distortion, Slouch, Step From Time, Renounce Religion


You were on level 10 of the Dungeon.
You worshipped Cheibriados.
Cheibriados was exalted by your worship.
You were not hungry.

You visited 2 branches of the dungeon, and saw 11 of its levels.
You also visited: Ossuary.

You collected 734 gold pieces.
You spent 153 gold pieces at shops.

Inventory:

Hand Weapons
 m - a +4 hunting sling of freezing
 y - a +0 mace of holy wrath
 D - a +0 trident of pain
 H - a +0 hand axe of freezing
 M - a +2 dagger of flaming (weapon)
Missiles
 h - 244 stones (quivered)
Armour
 c - a +0 shield (worn)
 e - a +0 plate armour (worn)
 n - a +0 helmet (worn)
 A - a +0 pair of gloves (worn)
Jewellery
 k - an amulet of guardian spirit (around neck)
 F - a +5 ring of slaying (right hand)
 I - a +6 ring of evasion (left hand)
Wands
 g - a wand of paralysis (18)
 J - a wand of disintegration (9)
Scrolls
 a - 2 scrolls of random uselessness {unknown}
 l - 2 scrolls of magic mapping
 q - 5 scrolls of immolation {unknown}
 r - 2 scrolls of teleportation {unknown}
 s - 2 scrolls of fog {unknown}
 u - a scroll of enchant armour {unknown}
 w - a scroll of amnesia {unknown}
 x - a scroll of blinking {unknown}
 B - a scroll of enchant weapon
 C - a scroll of brand weapon {unknown}
 E - a scroll of fear
 G - 4 scrolls of identify
 K - 2 scrolls of remove curse
Potions
 b - 3 potions of lignification {unknown}
 d - 3 potions of might
 i - 5 potions of heal wounds
 j - 2 potions of curing
 o - 2 potions of brilliance {unknown}
 p - 2 potions of berserk rage {unknown}
 t - a potion of experience {unknown}
 v - a potion of flight {unknown}
 z - a potion of haste {unknown}
 L - a potion of ambrosia {unknown}
Comestibles
 f - 22 rations


   Skills:
 * Level 14.4 Fighting
 - Level 2.0 Maces & Flails
 + Level 6.9 Armour
 + Level 6.8 Shields
 + Level 4.8 Spellcasting


You had 14 spell levels left.
You knew the following spells:

 Your Spells              Type           Power        Failure   Level  Hunger
a - Passwall              Tmut/Erth      #.......     91%         2    None
b - Stone Arrow           Conj/Erth      #.....       99%         3    ##.....

Your spell library contained the following spells:

 Spells                   Type           Power        Failure   Level  Hunger
 Sandblast                Erth           #.....       80%         1    None
 Shock                    Conj/Air       #...         80%         1    None
 Swiftness                Chrm/Air       #.......     91%         2    None
 Static Discharge         Conj/Air       #.......     99%         3    ##.....
 Airstrike                Air            #.........   100%        4    ####...
 Petrify                  Tmut/Erth      #.......     100%        4    ####...
 Lee's Rapid Deconstruct  Erth           #.........   100%        5    #####..
 Lightning Bolt           Conj/Air       #.........   100%        5    #####..


Dungeon Overview and Level Annotations

Branches:
Dungeon (10/15)            Temple (1/1) D:7            Lair (0/6) D:9
Ossuary (visited)
    Orc: D:9-12

Altars:
Ashenzari
Cheibriados
Dithmenos
Elyvilon
Fedhas
Gozag
Hepliaklqana
Kikubaaqudgha
Makhleb
Nemelex Xobeh
Okawaru
Qazlal
Ru
Sif Muna
Trog
Uskayaw
Vehumet
Wu Jian
Xom
Yredelemnul
Zin
The Shining One
Beogh

Shops:
D:7 %   D:8 [   D:10 !

Annotations:
D:10 Fannar


Innate Abilities, Weirdness & Mutations

You are resistant to torment.
Your stone body is resilient. (AC +8)
You are immune to poison.
You resist negative energy. (rN+)
You are resistant to electric shocks. (rElec)
You can survive without breathing.
You are immune to petrification.
You are immune to rotting.


Message History

The ice beast completely misses you. You block the ice beast's attack.
You block the ice beast's attack.
The ice beast hits you but does no damage.
Fannar points at you and mumbles some strange words.
The bolt of cold hits the ice beast.
The ice beast completely resists.
The bolt of cold hits you!
* * * LOW HITPOINT WARNING * * *
You hit the ice beast but do no damage.
The ice beast hits you but does no damage.
The ice beast barely misses you. You block the ice beast's attack. x2
The ice beast hits you but does no damage. x2
Fannar hits you but does no damage.
You hit Fannar.
Fannar's icy armour evaporates.
You burn Fannar.
Fannar is severely wounded.
The ice beast barely misses you.
The ice beast hits you but does no damage. x2
Fannar casts a spell.
Fannar drains the heat from the surrounding environment!
You feel very cold.
You die...

#.#########.........(
#........ ...........
###....######.......(.#
#......#....#......(.#
##......+....#.....(..#
#.......#....#....(...#
#.......#....'...(...#
#.......#....##eY....+
#.......#.....#@Y....#
#.......#.....#Y.....#
#.......#...###.......#
#.......'...#.........#
######..#...#.........#
#..#...#....).....#
#..#####............
#... >........####
..... ..........# ##


You could see Fannar and 3 ice beasts.

Vanquished Creatures
  A centaur warrior (D:8)
  Nergalle (D:10)
  A gargoyle (D:10)
  Sigmund (D:4)
  A spriggan (D:10)
  6 yaks (D:10)
  A wyvern (D:8)
  A hungry ghost (D:9)
  Menkaure (D:7)
  Duvessa (D:6)
  3 orc warriors
  A hornet zombie (D:10)
  A necrophage (D:8)
  An ice beast (D:9)
  A black bear (D:7)
  3 phantoms
  4 ogres
  2 centaurs
  3 bullfrogs
  Dowan (D:6)
  2 scorpions
  5 killer bees (D:10)
  3 howler monkeys
  2 centaur zombies
  6 crimson imps
  2 human zombies (Ossuary)
  A bullfrog skeleton (D:5)
  2 hounds
  Crazy Yiuf (D:5)
  3 orc priests
  3 jellies
  A centaur skeleton (D:9)
  4 iguanas
  Ijyb (D:3)
  7 orc wizards
  5 worker ants
  3 big kobold zombies (Ossuary)
  4 mummies
  A howler monkey zombie (D:9)
  10 gnolls
  A howler monkey skeleton (D:6)
  10 adders
  2 shadow imps (D:7)
  2 oozes
  4 adder zombies (Ossuary)
  An adder skeleton (D:6)
  3 worms
  5 leopard geckos
  47 orcs
  A ball python (D:2)
  7 giant cockroaches
  4 goblins
  4 hobgoblins
  2 jackals (D:4)
  2 quokkas
  5 bats
  3 frilled lizards
  3 goblin zombies (Ossuary)
  6 hobgoblin zombies (Ossuary)
  A jackal zombie (Ossuary)
  5 kobolds
  5 kobold zombies (Ossuary)
  2 orc zombies (Ossuary)
  4 quokka zombies
  8 rats
  5 rat zombies (Ossuary)
  A fungus (D:5)
244 creatures vanquished.

Notes
Turn   | Place    | Note
-------+----------+-------------------------------------------
     0 | D:1      | ClockworkOrrery the Gargoyle Fighter began the quest for
                  | the Orb.
     0 | D:1      | Reached XP level 1. HP: 14/14 MP: 1/1
   582 | D:1      | Reached XP level 2. HP: 20/20 MP: 2/2
   625 | D:1      | Found a snail-covered altar of Cheibriados.
   779 | D:1      | Reached skill level 4 in Fighting
  1030 | D:2      | Reached XP level 3. HP: 23/24 MP: 3/3
  1103 | D:1      | Became a worshipper of Cheibriados the Contemplative
  1171 | D:2      | Found a white marble altar of Elyvilon.
  1172 | D:2      | Found a sparkling altar of Nemelex Xobeh.
  1172 | D:2      | Found a basalt altar of Yredelemnul.
  1240 | D:2      | Found a sparkling altar of Nemelex Xobeh.
  1384 | D:2      | Reached skill level 5 in Fighting
  1934 | D:3      | Reached XP level 4. HP: 25/31 MP: 4/4
  2026 | D:3      | Noticed Ijyb
  2040 | D:3      | Killed Ijyb
  2188 | D:3      | Reached skill level 6 in Fighting
  2272 | D:3      | Reached XP level 5. HP: 36/36 MP: 5/5
  2346 | D:3      | Reached * piety under Cheibriados
  2553 | D:4      | Found a sand-covered staircase.
  2565 | Ossuary  | Entered an ossuary
  2700 | Ossuary  | Reached skill level 7 in Fighting
  2700 | Ossuary  | Reached XP level 6. HP: 44/44 MP: 6/6
  2780 | Ossuary  | Reached ** piety under Cheibriados
  2950 | Ossuary  | Reached skill level 8 in Fighting
  3467 | D:4      | Reached XP level 7. HP: 50/50 MP: 7/7
  3500 | D:4      | Noticed Sigmund
  3517 | D:4      | Killed Sigmund
  3517 | D:4      | Reached skill level 9 in Fighting
  4005 | D:5      | Entered Level 5 of the Dungeon
  4162 | D:5      | Found a shimmering altar of Xom.
  4189 | D:5      | Found a shattered altar of Ashenzari.
  4334 | D:5      | Reached skill level 10 in Fighting
  4531 | D:5      | Reached XP level 8. HP: 56/57 MP: 8/8
  4552 | D:5      | Reached *** piety under Cheibriados
  4915 | D:5      | Found a runed translucent door.
  4916 | D:5      | Noticed Crazy Yiuf
  4926 | D:5      | Killed Crazy Yiuf
  5069 | D:6      | Noticed Duvessa
  5069 | D:6      | Noticed Dowan
  5095 | D:6      | Killed Duvessa
  5095 | D:6      | Reached skill level 11 in Fighting
  5109 | D:6      | Killed Dowan
  5153 | D:6      | Reached **** piety under Cheibriados
  5153 | D:6      | Reached skill level 12 in Fighting
  5305 | D:6      | Reached XP level 9. HP: 62/65 MP: 9/9
  6033 | D:7      | Found a staircase to the Ecumenical Temple.
  6042 | Temple   | Entered the Ecumenical Temple
  6196 | D:7      | Found a radiant altar of Vehumet.
  6227 | D:7      | Found Gugram's Food Shoppe.
  6415 | D:7      | Found a bloodstained altar of Trog.
  6614 | D:7      | Found a glowing silver altar of Zin.
  6614 | D:7      | Found a shadowy altar of Dithmenos.
  6654 | D:7      | Reached skill level 1 in Spellcasting
  6661 | D:7      | Noticed Menkaure
  6667 | D:7      | Killed Menkaure
  6807 | D:7      | Found a snail-covered altar of Cheibriados.
  6933 | D:8      | Reached ***** piety under Cheibriados
  7144 | D:8      | Noticed a +0 dagger
  7145 | D:8      | Noticed a +0 dagger
  7147 | D:8      | Found a hide-covered altar of Uskayaw.
  7147 | D:8      | Noticed a centaur warrior
  7150 | D:8      | Reached skill level 13 in Fighting
  7163 | D:8      | Killed a centaur warrior
  7163 | D:8      | Reached skill level 5 in Armour
  7163 | D:8      | Reached skill level 5 in Shields
  7163 | D:8      | Reached XP level 10. HP: 60/73 MP: 10/14
  7193 | D:8      | Found Icsur's Armour Shoppe.
  7197 | D:8      | Bought a +0 helmet for 49 gold pieces
  7603 | D:9      | Found a shimmering altar of Xom.
  7797 | D:9      | Found a blossoming altar of Fedhas.
  7799 | D:9      | Found an ancient bone altar of Kikubaaqudgha.
  8032 | D:9      | Found a roughly hewn altar of Beogh.
  8110 | D:9      | Found a staircase to the Lair.
  8347 | D:10     | Entered Level 10 of the Dungeon
  8395 | D:10     | Learned a level 2 spell: Passwall
  8399 | D:10     | Learned a level 3 spell: Stone Arrow
  8516 | D:10     | Reached skill level 14 in Fighting
  8518 | D:10     | Noticed Nergalle
  8531 | D:10     | Killed Nergalle
  8615 | D:10     | Found Nuduzet's Distillery.
  8638 | D:10     | Bought a potion of heal wounds for 65 gold pieces
  8638 | D:10     | Bought a potion of curing for 39 gold pieces
  8774 | D:10     | Reached ****** piety under Cheibriados
  8777 | D:10     | Reached XP level 11. HP: 75/80 MP: 15/18
  8836 | D:10     | Noticed Fannar
  8866 | D:10     | HP: 2/80 [Fannar/bolt of cold (13)]
  8869 | D:10     | Killed from afar by Fannar

Levels and vault maps discovered:
D:1:      elethiomel_arrival_maze, layout_rooms, cheibriados_altar_1
D:2:      layout_basic, grunt_temple_overflow_open, serial_park_tiny_1,
          st_stairs_9, nemelex_dance_club_becter
D:3:      layout_loops_ring, first_ration, uniq_ijyb
D:4:      layout_layer_cave, gup_ossuary_entry_pyramid,
          small_statue_intersection, uniq_sigmund
D:5:      layout_basic, ashenzari_altar_1, xom_teletrap_fun,
          uniq_crazy_yiuf_cottage
D:6:      layout_basic, uniq_duvessa
D:7:      layout_basic, fiery_altar_vehumet, kennysheep_mini,
          gammafunk_temple_overflow_forgotten, temple_hall, serial_shops, shop,
          uniq_menkaure
D:8:      layout_loops_cross, dancing_weapons_uskayaw, serial_shops,
          shop_fountains
D:9:      layout_loops_ring, grunt_temple_overflow_growth_and_decay,
          nicolae_overflow_crystal_walls, special_room [special_room_orc]
D:10:     minmay_chambers_of_sixes, layout_irregular_city, serial_shops, shop,
          grunt_pizzeria, uniq_josephine, uniq_nergalle, uniq_fannar
Temple:   nicolae_temple_figure_zero

Skill      XL: |  1  2  3  4  5  6  7  8  9 10 |
---------------+-------------------------------+-----
Fighting       | 4 5 6 7 8 10 12 13 14 | 14.4
Spellcasting   | 3 4 |  4.8
Armour         | 5 6 |  6.9
Shields        | 5 6 |  6.8
Maces & Flails | |  2.0

Action                   |  1- 3 |  4- 6 |  7- 9 | 10-12 || total
-------------------------+-------+-------+-------+-------++-------
Melee: Flail             |   145 |       |       |       ||   145
       Hunting sling     |     1 |       |     1 |       ||     2
       Short sword       |       |    14 |   104 |       ||   118
       Trident           |       |       |   180 |       ||   180
       Dagger            |       |       |       |    10 ||    10
 Fire: Hunting sling     |    63 |   182 |    97 |   199 ||   541
Throw: Stone             |       |     2 |       |       ||     2
  Use: Scroll            |     4 |     4 |     3 |     1 ||    12
  Eat: Chunk             |     4 |     3 |     7 |     4 ||    18
Armor: Plate armour      |   155 |    79 |   198 |   105 ||   537
Dodge: Dodged            |    41 |    20 |    70 |    93 ||   224
Block: Shield            |   112 |    49 |   183 |   133 ||   477
